AoeStats
← NuMa | Gacha

Arabia

510619203Analyzed
3v3 RM · 1d ago on Oct 1, 2026· 47m 5s· 6 players
Game mode
Random Map
Map size
Normal (6 player)
Population
200
Speed
Normal
Resources
Standard
Victory
Conquest
Starting age
Dark Age
Ending age
Imperial Age
RankedLock teamsTeams togetherTeam positionsShared explorationLock speedFull tech treeHidden civsTurbo modeCheats
Victory
Defeat
🇨🇴 Britons · Colombia
1228
+14
🇨🇴 Varangians · Colombia
1105
+20
🇨🇴 Italians · Colombia
1090
+20
🇩🇪 Danes · Germany
1231
-19
🇩🇪 Poles · Germany
1175
-18
🇩🇪 Vietnamese · Germany
1152
-17
NuMa | Jomaro
7:19 Loom
9:06 Feudal Age
18:32 Fletching
21:51 Padded Archer Armor
23:18 Wheelbarrow
22:34 Double-Bit Axe
22:32 Horse Collar
22:46 Gold Mining
27:19 Castle Age
27:33 Crossbowman
28:49 Bodkin Arrow
29:10 Leather Archer Armor
29:18 Bow Saw
31:59 Ballistics
38:01 Gold Shaft Mining
40:09 Imperial Age
40:15 Arbalester
41:00 Bracer
41:31 Ring Archer Armor
42:18 Chemistry
NuMa | Reize
6:41 Loom
9:34 Feudal Age
10:13 Double-Bit Axe
11:23 Bloodlines
22:42 Castle Age
20:46 Horse Collar
21:54 Gold Mining
22:12 Scale Barding Armor
24:53 Husbandry
25:06 Forging
28:46 Chain Barding Armor
30:37 Iron Casting
43:31 Imperial Age
42:08 Heavy Plow
42:22 Bow Saw
42:28 Scale Mail Armor
43:48 Cavalier
NuMa | Gacha
8:01 Loom
10:37 Feudal Age
22:03 Fletching
22:42 Padded Archer Armor
26:34 Castle Age
25:55 Scale Barding Armor
26:01 Forging
25:49 Gold Mining
26:58 Double-Bit Axe
28:05 Chain Barding Armor
28:24 Bloodlines
30:26 Husbandry
31:45 Wheelbarrow
31:28 Town Watch
32:56 Iron Casting
35:00 Hand Cart
41:05 Murder Holes
44:14 Bodkin Arrow
48:02 Imperial Age
Santissima Trinidad
7:35 Loom
10:48 Feudal Age
14:50 Castle Age
13:06 Horse Collar
13:54 Double-Bit Axe
15:42 Heavy Plow
19:30 Bow Saw
24:59 Scale Barding Armor
25:04 Forging
26:10 Husbandry
26:20 Bloodlines
26:47 Szlachta Privileges
28:48 Chain Barding Armor
29:21 Gold Mining
32:49 Iron Casting
33:57 Wheelbarrow
40:52 Imperial Age
42:10 Light Cavalry
43:59 Blast Furnace
42:25 Cavalier
43:10 Winged Hussar
47:53 Ballistics
47:13 Treadmill Crane
KomradeKeshik
9:00 Loom
11:56 Feudal Age
12:16 Man-at-Arms
12:53 Double-Bit Axe
21:49 Horse Collar
27:03 Padded Archer Armor
29:07 Castle Age
27:42 Fletching
33:36 Wheelbarrow
33:14 Bow Saw
33:05 Elite Skirmisher
34:58 Bodkin Arrow
38:38 Heavy Plow
40:00 Leather Archer Armor
44:11 Imperial Age
45:18 Bracer
45:48 Ring Archer Armor
MCSwagger
8:26 Loom
10:29 Feudal Age
12:52 Double-Bit Axe
19:57 Horse Collar
28:28 Castle Age
29:46 Bow Saw
29:33 Crossbowman
31:04 Elite Skirmisher
31:50 Thumb Ring
31:54 Fletching
35:34 Bodkin Arrow
39:13 Wheelbarrow
42:58 Forging
44:26 Iron Casting
43:51 Padded Archer Armor
Connection lost

Rejoining the realm…

Still unreachable

The connection could not be restored.

Session expired

The server has moved on; the page needs a fresh start.